 Dungeon Crawl Stone Soup version 0.21-a0-442-g848f44b (webtiles) character file.

130 theanonym the Ruffian (level 4, 0/44 HPs)
             Began as a Troll Fighter on Nov 15, 2017.
             Killed from afar by an orc wizard (6 damage)
             ... with a puff of frost
             ... on level 3 of the Dungeon.
             The game lasted 00:02:19 (1843 turns).

theanonym the Ruffian (Troll Fighter)               Turns: 1843, Time: 00:02:20

Health: 0/44       AC:  5    Str: 30    XL:     4   Next: 90%
Magic:  3/3        EV:  8    Int:  4    God:
Gold:   143        SH:  9    Dex:  9    Spells: 3/3 levels left

rFire    . . .     SeeInvis .     - Unarmed
rCold    . . .     Gourm    +   r - +0 shield
rNeg     . . .     Faith    .   a - +0 robe
rPois    .         Spirit   .   (helmet restricted)
rElec    .         Reflect  .   (no cloak)
rCorr    .         Harm     .   (gloves unavailable)
MR       .....                  (boots unavailable)
Stlth    +.........             (no amulet)
HPRegen  0.54/turn              (no ring)
MPRegen  0.08/turn              (no ring)

@: mighty
A: unfitting armour, claws 3, fast metabolism 3, gourmand, regeneration 1,
shaggy fur 1, tough skin 2
a: no special abilities


Innate Abilities, Weirdness & Mutations

You are too large for most types of armour.
You have claws for hands.
Your metabolism is lightning-fast.
You like to eat raw meat.
Your natural rate of healing is unusually fast.
You are covered in fur. (AC +1)
You have very tough skin. (AC +2)


   Skills:
 - Level 2.4 Fighting
 - Level 2.4 Dodging
 - Level 2.4 Shields
 + Level 5.2 Unarmed Combat


You had 3 spell levels left.
You didn't know any spells.

Skill      XL: |  1  2  3  4 |
---------------+-------------+-----
Unarmed Combat | 3 4 5 |  5.2
Fighting       | |  2.4
Dodging        | |  2.4
Shields        | |  2.4

Action                   |  1- 3 |  4- 6 || total
-------------------------+-------+-------++-------
Melee: Unarmed           |    98 |    43 ||   141
  Use: Potion            |     1 |     1 ||     2
 Stab: Sleeping          |     3 |       ||     3
  Eat: Chunk             |    16 |     6 ||    22
Armor: Robe              |    26 |    16 ||    42
Dodge: Dodged            |    28 |    16 ||    44
Block: Shield            |    33 |    16 ||    49

Inventory:

Hand Weapons
 b - a +0 blowgun
   (You took it off a kobold on level 3 of the Dungeon)
Missiles
 c - 123 stones (quivered)
 o - 8 curare-tipped needles
 s - 7 javelins
 v - 12 poisoned needles
Armour
 a - a +0 robe (worn)
 e - a +0 cloak
   (You found it on level 1 of the Dungeon)
 n - a +0 cloak of magic resistance
   (You took it off Crazy Yiuf on level 2 of the Dungeon)
 r - a +0 shield (worn)
Jewellery
 p - an uncursed ring of flight {unknown}
   (You found it on level 2 of the Dungeon)
Scrolls
 f - 4 scrolls of remove curse {unknown}
 g - 3 scrolls of identify {unknown}
 k - a scroll of blinking {unknown}
 l - 2 scrolls of magic mapping {unknown}
 m - 2 scrolls of noise {unknown}
Potions
 h - a potion of mutation {unknown}
 j - 3 potions of might
 t - a potion of invisibility {unknown}
 u - 2 potions of brilliance {unknown}
Comestibles
 d - 5 bread rations
 i - 2 meat rations
 q - 2 chunks of flesh

Dungeon Overview and Level Annotations

Branches:
Dungeon (3/15)

Altars:


You were on level 3 of the Dungeon.
You were very full.

You visited 1 branch of the dungeon, and saw 3 of its levels.

You collected 143 gold pieces.


Message History

Found a bread ration.
Found an escape hatch in the floor.
There is an open door here.
A goblin is nearby!
You barely miss the goblin. The goblin hits you.
You take 3 damage, and have 41/44 hp.
You mangle the goblin!!
You kill the goblin!
No target in view!
d - 5 bread rations (gained 1)
You butcher the goblin corpse.
q - 2 chunks of flesh As you open the door, it creaks loudly!
You open the door.
There is an open door here.
An adder comes into view.
The adder moves out of view.
Health restored: 44 The adder hisses angrily.
The adder is too close now for your liking.
You see here a scroll labeled TAIGETWOCER.
An adder is nearby!
An adder is nearby!
An adder is nearby!
An adder is nearby!
An adder is nearby!
An orc comes into view. It is wielding a falchion.
The orc shouts!
You hear a shout! x2
You mangle the adder!!
You kill the adder!
An orc and an orc wizard come into view.
The orc shouts!
The orc wizard gestures wildly while chanting.
The orc wizard flickers and vanishes!
Deactivating autopickup; reactivate with Ctrl-A.
An orc and an orc wizard come into view.
The orc shouts!
Found a royal jelly.
You scratch the orc but do no damage. The orc hits you with a falchion.
A kobold comes into view. It is wielding a whip.
You take 1 damage, and have 43/44 hp.
You barely miss the orc. The orc hits you but does no damage.
Health restored: 44 You scratch the orc.
You closely miss the orc. You block the orc's attack.
You closely miss the orc. The orc hits you with a falchion. Something hits you.
You take 10 damage, and have 34/44 hp.
MASSIVE DAMAGE!!
Your shield prevents you from hitting the orc.
You block the orc's attack. Something hits you.
The orc wizard gestures wildly while chanting.
The orc wizard seems to speed up.
You take 3 damage, and have 31/44 hp.
You scratch the orc wizard. The orc closely misses you.
The orc wizard casts a spell at you. The puff of frost hits you!
You take 8 damage, and have 23/44 hp.
You miss the orc wizard. The orc wizard barely misses you.
The orc closely misses you. You block the orc's attack.
Something hits you but does no damage.
The orc wizard hits you but does no damage.
You closely miss the orc wizard. You block the orc's attack. x2
The orc hits you with a mace.
The orc wizard hits you but does no damage.
Something hits you.
* * * LOW HITPOINT WARNING * * *
You take 4 damage, and have 20/44 hp.
You scratch the orc wizard. The orc wizard hits you with a dagger.
* * * LOW HITPOINT WARNING * * *
You block the orc's attack. The orc barely misses you.
The orc hits you but does no damage. Something hits you but does no damage.
The kobold hits you with a whip.
* * * LOW HITPOINT WARNING * * *
The orc wizard closely misses you.
You take 5 damage, and have 15/44 hp.
You feel very mighty all of a sudden. The orc barely misses you.
The orc wizard casts a spell at you. The puff of flame misses you.
The puff of flame hits the kobold.
The kobold dies!
The orc closely misses you. Something hits you but does no damage.
The orc hits you but does no damage.
Your shield prevents you from hitting the orc wizard.
You block the orc wizard's attack. The orc hits you with a whip.
* * * LOW HITPOINT WARNING * * *
You block the orc's attack. Something hits you.
* * * LOW HITPOINT WARNING * * *
The orc wizard hits you with a dagger.
* * * LOW HITPOINT WARNING * * *
You take 4 damage, and have 11/44 hp.
You barely miss the orc wizard. The orc hits you with a mace.
* * * LOW HITPOINT WARNING * * *
You block the orc's attack.
The orc wizard hits you but does no damage.
The orc hits you but does no damage. Something hits you.
* * * LOW HITPOINT WARNING * * *
You take 5 damage, and have 6/44 hp.
You barely miss the orc wizard.
The orc wizard points at you and mumbles some strange words.
The puff of frost hits you!
You die...

....###########.##
....###########..#######
......................$#
.......................#
...................?...+
.......................#
.............?.........#
#############..)..†....#
#..o@......#
#..ooo.....#
#..........#
........#####
..........# ..........#
........... .%.........#


You could see an orc wizard and 3 orcs.

Notes
Turn   | Place    | Note
-------+----------+-------------------------------------------
     0 | D:1      | theanonym the Troll Fighter began the quest for the Orb.
     0 | D:1      | Reached XP level 1. HP: 22/22 MP: 0/0
    27 | D:1      | HP: 8/22 [hobgoblin/club (5)]
    32 | D:1      | HP: 9/22 [rat (1)]
    34 | D:1      | Reached XP level 2. HP: 13/29 MP: 1/1
    42 | D:1      | Reached skill level 3 in Unarmed Combat
   719 | D:2      | Reached XP level 3. HP: 34/36 MP: 2/2
   860 | D:2      | Reached skill level 4 in Unarmed Combat
  1148 | D:2      | Reached XP level 4. HP: 35/44 MP: 3/3
  1329 | D:2      | Found a runed door.
  1541 | D:2      | Noticed Crazy Yiuf
  1543 | D:2      | HP: 18/44 [Crazy Yiuf/quarterstaff of chaos (17)]
  1546 | D:2      | Killed Crazy Yiuf
  1713 | D:3      | Reached skill level 5 in Unarmed Combat
  1838 | D:3      | HP: 20/44 [something (3)]
  1842 | D:3      | HP: 9/44 [orc/mace (3)]
  1843 | D:3      | Killed from afar by an orc wizard

Vanquished Creatures
  Crazy Yiuf (D:2)
  5 adders
  A worm (D:2)
  A leopard gecko (D:2)
  An orc (D:3)
  2 giant cockroaches (D:2)
  5 goblins
  5 hobgoblins
  3 quokkas
  5 bats
  2 frilled lizards
  8 kobolds
  16 rats
55 creatures vanquished.

Vanquished Creatures (others)
  A kobold (D:3)
1 creature vanquished.

Grand Total: 56 creatures vanquished
